 Dungeon Crawl Stone Soup version 0.20.1-1-g8b1a95d (webtiles) character file.

5079 Monsterracer the Grappler (level 10, 0/88 HPs)
             Began as a Naga Transmuter on Aug 18, 2017.
             Was a Priest of Cheibriados.
             Slain by an ogre
             ... wielding a +0 giant club
              (29 damage)
             ... on level 9 of the Dungeon.
             The game lasted 00:20:23 (8930 turns).

Monsterracer the Grappler (Naga Transmuter)         Turns: 8930, Time: 00:20:23

Health: 0/88       AC:  7    Str: 21    XL:     10   Next: 56%
Magic:  4/14       EV: 13    Int: 25    God:    Cheibriados [***...]
Gold:   592        SH:  0    Dex: 19    Spells: 3/13 levels left

rFire    . . .     SeeInvis +     - Unarmed
rCold    . . .     Gourm    .   (no shield)
rNeg     . . .     Faith    .   b - +0 robe
rPois    +         Spirit   .   (no helmet)
rElec    .         Reflect  .   o - +1 cloak
rCorr    .         Harm     .   w - +0 pair of gloves
MR       +....     Rnd*Tele +   (no barding)
Stlth    +++.......             (no amulet)
Regen    0.3/turn               m - ring of teleportation (curse)
MPRegen  0.2/turn               B - ring of flight (curse)

@: very slightly contaminated, very slow
A: stinger 2, see invisible, deformed body, poison resistance, slowness 2, slow
metabolism 1, spit poison 1, AC +3
a: Spit Poison, Bend Time, Temporal Distortion, Renounce Religion, Evoke Flight


You were on level 9 of the Dungeon.
You worshipped Cheibriados.
Cheibriados was most pleased with you.
You were not hungry.

You visited 2 branches of the dungeon, and saw 10 of its levels.

You collected 592 gold pieces.

Inventory:

Missiles
 a - 215 arrows
 p - a throwing net (quivered)
Armour
 b - a +0 robe (worn)
 o - a +1 cloak (worn)
 w - a +0 pair of gloves (worn)
 D - the +3 warlock's mirror {reflect}
   (You found it on level 9 of the Dungeon)
Jewellery
 e - a +3 ring of evasion
 g - an uncursed ring of positive energy
 m - a cursed ring of teleportation (left hand)
 B - a cursed ring of flight (right hand)
Wands
 q - a wand of flame (45/48)
 y - a wand of iceblast (5/15)
 A - a wand of disintegration (14/24)
Scrolls
 i - a scroll of teleportation
 s - a scroll of recharging
 x - 2 scrolls of amnesia
Potions
 f - a potion of might
 j - a potion of magic
 r - a potion of cancellation {unknown}
 t - 4 potions of curing
 u - a potion of agility {unknown}
 v - a potion of degeneration {unknown}
 z - 2 potions of flight {unknown}
Books
 c - a book of Changes

   Spells                             Type                      Level
   a - Beastly Appendage              Transmutation                1
   b - Sticks to Snakes               Transmutation                2
   c - Spider Form                    Transmutation/Poison         3
   d - Ice Form                       Ice/Transmutation            4
   e - Blade Hands                    Transmutation                5
Comestibles
 d - 6 bread rations
 h - 5 meat rations
 l - 6 royal jellies
 n - 20 fruits
 C - 4 chunks of flesh


   Skills:
 + Level 5.0 Fighting
 + Level 4.3 Dodging
 + Level 4.9 Stealth
 * Level 9.2 Unarmed Combat
 - Level 2.0 Spellcasting
 + Level 8.3 Transmutations
 - Level 3.0 Poison Magic
 * Level 5.6 Invocations


You had 3 spell levels left.
You knew the following spells:

 Your Spells              Type           Power        Failure   Level  Hunger
b - Sticks to Snakes      Tmut           #####...     1%          2    ##.....
c - Spider Form           Tmut/Pois      ####......   3%          3    ###....
d - Blade Hands           Tmut           #####.....   10%         5    ######.


Dungeon Overview and Level Annotations

Branches:
Dungeon (9/15)             Temple (1/1) D:4            Lair (0/6) D:8
    Orc: D:9-12

Altars:
Ashenzari
Cheibriados
Dithmenos
Elyvilon
Fedhas
Gozag
Hepliaklqana
Kikubaaqudgha
Makhleb
Nemelex Xobeh
Okawaru
Qazlal
Ru
Sif Muna
Trog
Uskayaw
Vehumet
Xom
Yredelemnul
Zin
The Shining One


Innate Abilities, Weirdness & Mutations

You cannot wear boots.
Your serpentine skin is tough. (AC +3)
You have supernaturally acute eyesight. (SInv)
Armour fits poorly on your strangely shaped body.
Your system is resistant to poisons. (rPois)
You cover ground very slowly.
You have a slow metabolism.
You can spit poison.
Your tail ends in a sharp poisonous barb.


Message History

Casting: Blade Hands
Confirm with . or Enter, or press ? or * to list all spells.
You miscast Blade Hands.
You are very lightly contaminated with residual magic.
Your body is twisted painfully.
* * * LOW HITPOINT WARNING * * *
The orc wizard moves out of view.
Damage: -6%(-5hp) hp: 38%(33hp)
Casting: Blade Hands
Confirm with . or Enter, or press ? or * to list all spells.
Okay, then.
You hit the ogre.
You tail-slap the ogre, but do no damage.
The ogre is almost dead.
The ogre hits you with a giant club!!
* * * LOW HITPOINT WARNING * * *
The phantom misses you.
Huge Dmg: -28%(-25hp) hp: 10%(8hp)
You feel much better. The ogre hits you with a giant club!!
You die...

#### ### ##...
... ..†.##.#
o.)#.# ##.#.#
#..O@##.###
#....W†.....
#...###.####
##........
#.......########
#.#...### #.o.#.
#.# . #.##.


You could see a phantom, an ogre and an orc wizard.

Vanquished Creatures
  A two-headed ogre (D:9)
  A hippogriff (D:8)
  A yak (D:7)
  Eustachio (D:5)
  A hungry ghost (D:8)
  3 ice beasts
  A hornet zombie (D:8)
  2 sky beasts
  An orc warrior (D:8)
  3 black bears
  A necrophage (D:8)
  4 ogres
  A phantom (D:9)
  A crocodile (D:8)
  5 centaurs
  4 bullfrogs
  A scorpion (D:7)
  A water moccasin skeleton (D:8)
  5 wights (D:8)
  6 howler monkeys
  7 hounds
  2 jellies
  Crazy Yiuf (D:2)
  5 orc wizards
  2 orc priests
  A centaur skeleton (D:8)
  2 iguanas
  5 worker ants
  A killer bee zombie (D:8)
  A hound skeleton (D:7)
  3 worker ant zombies
  7 gnolls
  A howler monkey skeleton (D:6)
  9 adders
  2 shadow imps (D:5)
  An ooze (D:6)
  3 adder skeletons
  4 worms
  A dart slug (D:1)
  6 leopard geckos
  24 orcs
  3 bats
  5 giant cockroaches
  5 goblins
  9 hobgoblins
  12 jackals
  3 quokkas
  2 ball pythons
  4 frilled lizards
  A jackal skeleton (D:8)
  3 kobolds (D:2)
  6 rats
  A fungus (D:4)
  A plant (D:8)
187 creatures vanquished.

Vanquished Creatures (others)
  The ghost of IjonTichy1 the Gusty, an amateur TeAE (D:4)
  A goblin (D:1)
  A frilled lizard (D:4)
3 creatures vanquished.

Grand Total: 190 creatures vanquished

Notes
Turn   | Place    | Note
-------+----------+-------------------------------------------
     0 | D:1      | Monsterracer the Naga Transmuter began the quest for the Orb.
     0 | D:1      | Reached XP level 1. HP: 18/18 MP: 3/3
   310 | D:1      | Reached XP level 2. HP: 21/25 MP: 5/5
   590 | D:1      | HP: 12/25 [jackal (2)]
   599 | D:1      | Learned a level 2 spell: Sticks to Snakes
   904 | D:1      | Reached XP level 3. HP: 21/31 MP: 4/6
   909 | D:1      | Learned a level 3 spell: Spider Form
  1065 | D:1      | HP: 6/31 [something (25)]
  1514 | D:2      | Found a runed door.
  1722 | D:2      | Reached skill level 1 in Poison Magic
  1965 | D:2      | Reached XP level 4. HP: 37/38 MP: 7/7
  1979 | D:2      | Found a hazy altar of Hepliaklqana.
  2104 | D:2      | Reached skill level 4 in Unarmed Combat
  2355 | D:2      | Noticed Crazy Yiuf
  2363 | D:2      | Killed Crazy Yiuf
  2363 | D:2      | Reached XP level 5. HP: 34/44 MP: 4/8
  2876 | D:3      | Reached XP level 6. HP: 39/51 MP: 7/9
  3515 | D:4      | Noticed a black bear
  3527 | D:4      | HP: 23/51 [black bear (3)]
  3529 | D:4      | HP: 9/51 [black bear (5)]
  3530 | D:4      | HP: 3/51 [black bear (6)]
  3534 | D:4      | Killed a black bear
  3534 | D:4      | Reached skill level 5 in Unarmed Combat
  3564 | D:4      | Noticed IjonTichy1's ghost (amateur TeAE)
  3574 | D:5      | Entered Level 5 of the Dungeon
  3726 | D:4      | Killed IjonTichy1's ghost
  3726 | D:4      | Reached skill level 5 in Transmutations
  3726 | D:4      | Reached XP level 7. HP: 45/57 MP: 7/10
  4046 | D:4      | Found a staircase to the Ecumenical Temple.
  4058 | Temple   | Entered the Ecumenical Temple
  4146 | Temple   | Became a worshipper of Cheibriados the Contemplative
  4292 | D:4      | Learned a level 5 spell: Blade Hands
  4350 | D:5      | Reached skill level 6 in Unarmed Combat
  4357 | D:4      | HP: 27/57 [orc/whip (6)]
  4587 | D:4      | HP: 30/60 [worker ant (4)]
  4593 | D:4      | HP: 28/60 [poisoned by a worker ant]
  4598 | D:4      | HP: 27/60 [poisoned by a worker ant]
  4605 | D:4      | HP: 27/60 [poisoned by a worker ant]
  4967 | D:5      | Reached skill level 1 in Invocations
  4983 | D:5      | Reached * piety under Cheibriados
  4983 | D:5      | Reached XP level 8. HP: 67/67 MP: 11/11
  5523 | D:5      | Noticed Eustachio
  5536 | D:5      | Killed Eustachio
  5849 | D:6      | HP: 26/68 [gnoll/whip of electrocution (20)]
  6272 | D:6      | Reached ** piety under Cheibriados
  6272 | D:6      | Reached skill level 7 in Unarmed Combat
  6573 | D:6      | Reached XP level 9. HP: 52/76 MP: 12/12
  7009 | D:6      | Found a shimmering altar of Xom.
  7305 | D:7      | Reached skill level 1 in Stealth
  7343 | D:7      | Found a stormy altar of Qazlal.
  7717 | D:7      | Reached *** piety under Cheibriados
  7930 | D:8      | Reached skill level 8 in Unarmed Combat
  7964 | D:8      | HP: 35/78 [yak (16)]
  7969 | D:7      | HP: 19/78 [centaur (8)]
  7974 | D:7      | HP: 13/78 [yak (1)]
  7976 | D:7      | HP: 5/78 [yak (8)]
  8354 | D:8      | Found a staircase to the Lair.
  8368 | D:8      | Reached XP level 10. HP: 87/87 MP: 9/13
  8436 | D:8      | Reached **** piety under Cheibriados
  8460 | D:8      | Gained mutation: You are robust. (+10% HP) [mutagenic meat]
  8461 | D:8      | Gained mutation: You are weak. (Str -2) [mutagenic meat]
  8462 | D:8      | Gained mutation: You do not regenerate when monsters are visible. [mutagenic meat]
  8463 | D:8      | Lost mutation: You are robust. (+10% HP) [mutagenic meat]
  8465 | D:8      | Gained mutation: You are dopey. (Int -2) [mutagenic meat]
  8466 | D:8      | Lost mutation: You are dopey. (Int -2) [potion of mutation]
  8466 | D:8      | Lost mutation: You are weak. (Str -2) [potion of mutation]
  8466 | D:8      | Lost mutation: You do not regenerate when monsters are visible. [potion of mutation]
  8466 | D:8      | Gained mutation: Your tail ends in a poisonous barb. [potion of mutation]
  8466 | D:8      | Gained mutation: You occasionally shout uncontrollably at your foes. [potion of mutation]
  8466 | D:8      | Lost mutation: You occasionally shout uncontrollably at your foes. [potion of mutation]
  8466 | D:8      | Gained mutation: Your tail ends in a sharp poisonous barb. [potion of mutation]
  8485 | D:8      | Reached skill level 5 in Invocations
  8662 | D:8      | Found an iron altar of Okawaru.
  8858 | D:9      | Noticed a two-headed ogre
  8860 | D:9      | HP: 28/86 [two-headed ogre/giant club (17)]
  8860 | D:9      | HP: 11/86 [two-headed ogre/giant club (17)]
  8865 | D:9      | HP: 26/87 [two-headed ogre/giant club (12)]
  8867 | D:9      | Killed a two-headed ogre
  8867 | D:9      | Reached skill level 5 in Fighting
  8867 | D:9      | Reached skill level 9 in Unarmed Combat
  8923 | D:9      | HP: 39/88 [acid (5)]
  8928 | D:9      | HP: 33/88 [something (5)]
  8929 | D:9      | HP: 8/88 [ogre/giant club (25)]
  8930 | D:9      | Slain by an ogre

Skill      XL: |  1  2  3  4  5  6  7  8  9 10 |
---------------+-------------------------------+-----
Poison Magic   | 1 2 3 |  3.0
Transmutations | 3 4 5 6 7 8 |  8.3
Unarmed Combat | 4 5 6 7 8 9 |  9.2
Dodging        | 2 3 4 |  4.3
Fighting       | 2 3 4 5 |  5.0
Invocations    | 1 2 4 5 |  5.6
Stealth        | 3 4 |  4.9
Spellcasting   | |  2.0

Action                   |  1- 3 |  4- 6 |  7- 9 | 10-12 || total
-------------------------+-------+-------+-------+-------++-------
Melee: Unarmed           |    87 |   168 |   318 |    61 ||   634
       Headbutt          |     6 |     1 |       |       ||     7
       Punch             |       |       |     5 |     2 ||     7
       Tailslap          |       |       |       |    10 ||    10
Throw: Throwing net      |     1 |     1 |       |       ||     2
 Cast: Beastly Appendage |    10 |     2 |       |       ||    12
       Spider Form       |       |     9 |    18 |       ||    27
       Sticks to Snakes  |       |     2 |       |       ||     2
       Blade Hands       |       |       |    10 |     5 ||    15
Invok: Temporal Distorti |       |       |       |     2 ||     2
       Slouch            |       |       |       |     1 ||     1
 Abil: Spit Poison       |     7 |    16 |    24 |     1 ||    48
Evoke: Wand              |       |       |     1 |       ||     1
  Use: Scroll            |       |    11 |     6 |     2 ||    19
       Potion            |       |     2 |     1 |     4 ||     7
 Stab: Sleeping          |     1 |       |     2 |     1 ||     4
       Distracted        |     1 |       |       |       ||     1
  Eat: Chunk             |     3 |     6 |    17 |    11 ||    37
       Royal jelly       |       |       |     1 |       ||     1
Armor: Robe              |    14 |    23 |    44 |    12 ||    93
       Skin              |       |    16 |     4 |       ||    20
Dodge: Dodged            |    58 |    99 |   263 |    37 ||   457
